 Dungeon Crawl Stone Soup version 0.31.0-32-g396128a36d (webtiles) character file.

Game seed: 6578132270156907283

13283 Alphaeus the Grappler (level 11, -12/109 HPs)
             Began as a Troll Shapeshifter on Mar 19, 2024.
             Was a Believer of Qazlal.
             Mangled by a two-headed ogre
             ... wielding a +0 giant club
              (21 damage)
             ... on level 12 of the Dungeon.
             The game lasted 00:12:32 (9227 turns).

Alphaeus the Grappler (Troll Shapeshifter)          Turns: 9227, Time: 00:12:32

Health: -12/109    AC:  4    Str: 28    XL:     11   Next: 73%
Magic:  10/10      EV: 13    Int:  6    God:    Qazlal [**....]
Gold:   694        SH:  3    Dex:  9    Spells: 10/10 levels left

rFire   . .          .
                       - Unarmed
rCold   . . .        (shield currently unavailable)
rNeg    . . .        a - melded +0 animal skin
rPois   .            (helmet restricted)
rElec   .            E - +1 cloak
rCorr   .            (gloves unavailable)
SInv    .            (boots unavailable)
Will    .....        (no amulet)
Stlth   +            (no ring)
HPRegen 1.18/turn    (no ring)
MPRegen 0.12/turn

%: no passive effects
@: flux-form, glowing
A: glow, contaminating, large, unfitting armour, claws 3, regeneration 1, shaggy
fur 1, tough skin 1
a: Begin Untransformation, Renounce Religion, Upheaval


You were on level 12 of the Dungeon.
You worshipped Qazlal.
Qazlal was pleased with you.
You were something dangerously unstable.
You visited 2 branches of the dungeon, and saw 13 of its levels.

You collected 694 gold pieces.

Inventory:

Armour
 a - a +0 animal skin (melded)
 E - a +1 cloak (worn)
 J - +0 steam dragon scales
 P - a +1 robe of cold resistance
Jewellery
 G - a +6 ring of intelligence
 K - a ring of see invisible
Talismans
 c - a beast talisman
 d - a flux talisman (active)
 O - a maw talisman
Wands
 v - a wand of roots (8)
 z - a wand of digging (6)
 D - a wand of charming (11)
 H - a wand of flame (7)
 N - a wand of light (3)
Scrolls
 h - a scroll of silence
 i - a scroll of enchant weapon {unknown}
 j - a scroll of fear {unknown}
 l - a scroll of fog {unknown}
 q - 2 scrolls of amnesia {unknown}
 r - a scroll of immolation {unknown}
 u - a scroll of brand weapon {unknown}
 y - 2 scrolls of teleportation {unknown}
 A - 2 scrolls of butterflies {unknown}
 B - 2 scrolls of enchant armour
 F - a scroll of poison {unknown}
 L - 4 scrolls of identify
 M - a scroll of acquirement {unknown}
Potions
 b - 4 potions of lignification
 g - a potion of magic {unknown}
 k - a potion of heal wounds
 m - a potion of brilliance
 n - 2 potions of might
 o - 2 potions of ambrosia
 p - a potion of resistance
 s - a potion of haste
 t - 7 potions of curing {unknown}
 w - 2 potions of attraction {unknown}
 x - 3 potions of degeneration
 C - a potion of enlightenment {unknown}
 I - a potion of berserk rage {unknown}


   Skills:
 + Level 7.2 Fighting
 - Level 1.5 Dodging
 * Level 12.4 Unarmed Combat
 * Level 11.5 Shapeshifting


You had 10 spell levels left.
You didn't know any spells.
Your spell library contained the following spells:

 Spells                   Type           Power      Damage    Failure   Level
 Sculpt Simulacrum        Ice/Alch       0%         N/A       100%        6
 Ozocubu's Refrigeration  Ice            0%         4d7       100%        7
 Polar Vortex             Ice            0%         N/A       100%        9


Dungeon Overview and Level Annotations

Branches:
Dungeon (11/15)            Temple (1/1) D:4            Lair (0/5) D:11
    Orc (0/2) D:10

Altars:
Ashenzari
Cheibriados
Dithmenos
Elyvilon
Fedhas
Gozag
Hepliaklqana
Kikubaaqudgha
Makhleb
Nemelex Xobeh
Okawaru
Qazlal
Ru
Sif Muna
Trog
Uskayaw
Vehumet
Wu Jian
Xom
Yredelemnul
Zin

Shops:
D:3 (   D:5 (   D:6 (   D:10 :

Annotations:
D:6 1 runed translucent door


Innate Abilities, Weirdness & Mutations

You are something dangerously unstable.
You glow with magical radiation, making you easy to see and hit.
Foes you strike become dangerously contaminated with magical radiation.
You are incapable of wielding weapons or throwing items.
You are too large for most types of armour.
You have claws for hands.
Your natural rate of healing is unusually fast.
You are covered in fur. (AC +1)
You have tough skin. (AC +1)


Message History

The troll is lightly wounded.
You block the troll's attack. The troll misses you. The troll claws you!
You claw the troll!
The troll glows dangerously bright.
The troll is heavily wounded.
The troll bites you! The troll claws you. The troll misses you.
The troll bites you. The troll claws you! The troll barely misses you.
You mangle the troll!!
The troll shudders as magic cascades through it.
The troll twists and deforms.
The troll is almost dead.
The troll misses you. The troll claws you! The troll closely misses you.
The troll bites you! The troll closely misses you. The troll claws you!
* * * LOW HITPOINT WARNING * * *
You are too injured to fight recklessly!
You are too injured to fight recklessly!
You are too injured to fight recklessly!
You are too injured to fight recklessly!
You are too injured to fight recklessly!
You are too injured to fight recklessly!
You are too injured to fight recklessly!
You are too injured to fight recklessly!
You are too injured to fight recklessly!
You are too injured to fight recklessly!
You are too injured to fight recklessly!
You are too injured to fight recklessly!
You are too injured to fight recklessly!
You are too injured to fight recklessly!
Okay, then.
The troll bites you!
* * * LOW HITPOINT WARNING * * *
The troll claws you.
* * * LOW HITPOINT WARNING * * *
The troll claws you but does no damage.
As you read the scroll labelled GENTUSCH OTWEELLOI, it crumbles to dust.
Your body is wracked with pain!
* * * LOW HITPOINT WARNING * * *
The troll convulses!
The two-headed ogre convulses!
It was a scroll of torment.
The two-headed ogre misses you.
The two-headed ogre hits you with a +0 giant club!!
You die...

,,***,,,,...............,,,,,,**,
,*****,,,..[............,,,,,,,**
,*****,,,...............,,,,,,,,,
,*****,,,...............,,,,,,,,,
,,***,,,................,,,,,,,,,
,,,,,,,.................,,,,,,,,,
...............○....###.,,,,,,,,,
...............OTT.#####,,,,,,,,,
................p..#####,,,,***,,
.................☼.#####,,,** **,
.........###........###.,,,* *,
........#####...........,,,** **,
........#####...........,,,,***,,
........#####...........,,,,,,,,,
.###.....###...∩........,,,,,,,,,
#####...................,,,,,,,,,
#####...................,,,,,,,,,


You could see a two-headed ogre and 2 trolls.

Vanquished Creatures
  Fannar (D:11)
  Erolcha (D:11)
  2 two-headed ogres (D:10)
  An ugly thing (D:8)
  A cyclops (D:8)
  A gargoyle (D:8)
  An unseen horror (D:9)
  A rime drake (D:11)
  Psyche (D:10)
  2 trolls
  2 polar bears
  Grinder (D:3)
  A shadow (D:11)
  2 wraiths
  5 yaks (D:10)
  3 vampire mosquitoes (D:8)
  4 steam dragons
  2 acid dragons
  3 water moccasins
  6 orc warriors
  5 ice beasts
  2 black bears
  5 centaurs
  2 wolves (D:10)
  An ogre (D:4)
  3 phantoms
  3 bullfrogs
  3 scorpions
  22 wights
  12 killer bees
  4 howler monkeys
  A bombardier beetle (D:6)
  2 jellies
  2 hounds
  8 orc priests
  4 iguanas
  A gnoll bouda (D:10)
  Ijyb (D:4)
  A sleepcap (D:5)
  12 orc wizards
  9 gnolls
  9 adders
  A shadow imp (D:6)
  A white imp (D:7)
  A dart slug (D:4)
  A ribbon worm (D:3)
  46 orcs
  6 endoplasms
  4 giant cockroaches
  8 goblins
  8 hobgoblins
  7 jackals
  A quokka (D:2)
  9 ball pythons
  7 bats
  6 frilled lizards
  9 kobolds
  A kobold skeleton (D:6)
  7 rats
276 creatures vanquished.

Notes
Turn   | Place    | Note
-------+----------+-------------------------------------------
     0 | D:1      | Alphaeus the Troll Shapeshifter began the quest for the
                  | Orb.
     0 | D:1      | Reached XP level 1. HP: 18/18 MP: 0/0
    86 | D:1      | Reached skill level 1 in Fighting
    86 | D:1      | Reached XP level 2. HP: 27/27 MP: 1/1
   213 | D:1      | Reached XP level 3. HP: 33/33 MP: 2/2
   734 | D:2      | Reached XP level 4. HP: 41/41 MP: 3/3
   736 | D:2      | Identified the +2 plate armour of a bazaar {^Contam rN+
                  | Int+2}
  1126 | D:2      | Reached skill level 4 in Unarmed Combat
  1168 | D:2      | Found a faded altar of an unknown god.
  1958 | D:3      | Reached XP level 5. HP: 25/49 MP: 4/4
  2014 | D:3      | Found Ivuudo Geub's Antique Weapon Boutique.
  2141 | D:3      | Noticed Grinder
  2149 | D:3      | Killed Grinder
  2150 | D:3      | Reached skill level 5 in Unarmed Combat
  2150 | D:3      | Reached XP level 6. HP: 26/58 MP: 5/5
  2437 | D:4      | Reached skill level 5 in Shapeshifting
  2500 | D:4      | Noticed Ijyb
  2511 | D:4      | Killed Ijyb
  2574 | D:4      | Found a staircase to the Ecumenical Temple.
  2585 | D:4      | Reached XP level 7. HP: 66/66 MP: 6/6
  2601 | Temple   | Entered the Ecumenical Temple
  2948 | D:5      | Entered Level 5 of the Dungeon
  2961 | D:5      | Reached skill level 6 in Unarmed Combat
  3009 | D:5      | Found Qautarr's Antique Weapon Boutique.
  3215 | D:5      | Reached XP level 8. HP: 44/75 MP: 7/7
  3273 | D:5      | Found a sparkling altar of Nemelex Xobeh.
  3377 | D:5      | Found a hazy altar of Hepliaklqana.
  3378 | D:5      | Found a shimmering altar of Xom.
  3378 | D:5      | Noticed a green ugly thing
  3379 | D:5      | Noticed a spectral ugly thing
  3379 | D:5      | Noticed a white ugly thing
  3511 | D:6      | Reached skill level 7 in Unarmed Combat
  3579 | D:6      | Found a runed translucent door.
  3583 | D:6      | Found a basalt altar of Yredelemnul.
  3960 | D:6      | Found Oficwoydaxt's Weapon Boutique.
  4015 | D:6      | Reached skill level 8 in Unarmed Combat
  4065 | D:6      | Found an ornate altar of the Wu Jian Council.
  4399 | D:7      | Reached XP level 9. HP: 66/85 MP: 8/8
  5452 | D:8      | Reached skill level 5 in Fighting
  5452 | D:8      | Reached skill level 9 in Unarmed Combat
  5631 | D:8      | Noticed a gargoyle
  5631 | D:8      | Noticed a white ugly thing
  5633 | D:8      | Noticed a cyclops
  5715 | D:8      | Killed a green ugly thing
  5756 | D:8      | Reached XP level 10. HP: 78/96 MP: 9/9
  5767 | D:8      | Killed a cyclops
  5770 | D:8      | Killed a gargoyle
  5835 | D:8      | Reached skill level 10 in Unarmed Combat
  5871 | D:8      | Found a blossoming altar of Fedhas.
  5873 | D:8      | Found a stormy altar of Qazlal.
  5882 | D:8      | Became a worshipper of Qazlal Stormbringer
  6918 | D:9      | Found a broken altar of Ashenzari.
  7059 | D:9      | Found an opulent altar of Gozag.
  7081 | D:9      | Reached skill level 10 in Shapeshifting
  7528 | D:10     | Entered Level 10 of the Dungeon
  7562 | D:10     | Reached skill level 11 in Unarmed Combat
  7735 | D:10     | Noticed a two-headed ogre
  7736 | D:10     | Found Hankial's Tiny Tomes.
  7744 | D:10     | Killed a two-headed ogre
  7745 | D:10     | Reached XP level 11. HP: 44/107 MP: 10/10
  7759 | D:10     | Reached * piety under Qazlal
  7874 | D:10     | Found an iron altar of Okawaru.
  7877 | D:10     | Noticed a two-headed ogre
  7885 | D:10     | Killed a two-headed ogre
  7969 | D:10     | Found a burning altar of Makhleb.
  8209 | D:10     | Noticed Psyche
  8214 | D:10     | Killed Psyche
  8247 | D:10     | Found a staircase to the Orcish Mines.
  8719 | D:11     | Reached ** piety under Qazlal
  8790 | D:11     | Noticed Erolcha
  8797 | D:11     | Killed Erolcha
  8798 | D:11     | Reached skill level 12 in Unarmed Combat
  8826 | D:11     | Found a staircase to the Lair.
  9023 | D:11     | Noticed Fannar
  9035 | D:11     | Killed Fannar
  9194 | D:11     | You fall into a shaft and drop 1 floor!
  9219 | D:12     | Noticed a two-headed ogre
  9227 | D:12     | Mangled by a two-headed ogre

Illustrated notes

Levels and vault maps discovered:
D:1:      spicycebolla_arrival_xxxplode, layout_basic, serial_glass,
          glass_columns_a, glass_columns_a, minmay_strange_pillars,
          due_unseen_surprise, feat_on_display, minmay_strange_pillars,
          interstate_on_off, minmay_misc_feat_x
D:2:      layout_basic, chequers_ecumenical_altar_grove, kennysheep_flooded_box
D:3:      layout_loops_cross, serial_shops, shop, uniq_grinder
D:4:      layout_basic, minmay_temple_entry_wispy, uniq_ijyb
D:5:      layout_basic, regret_index_temple_of_mockery, pf_just_have_faith,
          serial_shops, shop
D:6:      layout_loops_ring, dk_yredelemnul_ordeal,
          nicolae_wu_jian_wuxing_cycle, serial_shops, shop,
          minmay_tree_intersection, st_stairs_3, moated_statue,
          minmay_misc_feat_chi, minmay_fractal_squares_diagonal_5
D:7:      layout_loops_corners, enter_bailey_7, grunt_ministairs_3
D:8:      minmay_curly_fans, layout_basic,
          grunt_temple_overflow_forces_of_nature, grunt_ministairs_4,
          nicolae_benzene_ring
D:9:      layout_grid_maze, grunt_gozag_breadcrumbs, lemuel_crystal_altar,
          serial_glass, glass_columns_b, glass_columns_c
D:10:     layout_basic, nicolae_overflow_hidden_temple, david_orc_2,
          grunt_decor_resistance, nicolae_shop_i_like_small_books_too,
          uniq_psyche
D:11:     layout_basic, hellmonk_lair_entry_icy, hangedman_decor_points,
          david_defended_altar_orc, uniq_fannar, uniq_erolcha
D:12:     layout_big_octagon, gauntlet_entry_generic, abandoned_shop,
          st_stairs_14, nemelex_lonely_heart_becter
Temple:   hellmonk_temple_micro_hex

Skill      XL: |  1  2  3  4  5  6  7  8  9 10 11 |
---------------+----------------------------------+-----
Fighting       | 1 2 3 4 5 6 7 |  7.2
Unarmed Combat | 4 5 6 8 9 11 12 | 12.4
Shapeshifting  | 4 5 6 7 8 10 11 | 11.5
Dodging        | |  1.5

Action                     |  1- 3 |  4- 6 |  7- 9 | 10-12 || total
---------------------------+-------+-------+-------+-------++-------
  Melee: Unarmed           |    65 |   129 |   266 |   356 ||   816
         Punch             |     3 |     3 |     9 |     1 ||    16
  Evoke: Wand              |       |       |       |    15 ||    15
    Use: Scroll            |       |       |     8 |     4 ||    12
         Potion            |       |       |       |     5 ||     5
 Armour: Animal skin       |    41 |    87 |   108 |       ||   236
         Skin              |       |       |    91 |   291 ||   382
  Dodge: Dodged            |    27 |    40 |   127 |   264 ||   458
  Block: Other             |       |       |       |    15 ||    15
   Form: Flux              |       |       |     1 |       ||     1
